[Event "GrandPrix_30.05"]
[Site "Chess.com"]
[Date "2020.05.30"]
[Round "7"]
[White "cassoulet"]
[Black "Evgeny81"]
[Result "0-1"]
[WhiteElo "2206"]
[BlackElo "2412"]
[TimeControl "600+2"]
[EndTime "11:30:07 PDT"]
[Termination "Evgeny81 won by resignation"]

1. e4 e5 2. Nf3 Nc6 3. Bc4 Nf6 4.
d3 Be7 5. O-O d6 6. h3 Na5 7.
Bb3 Nxb3 8. axb3 O-O 9. Nc3 c5 10. Be3 Re8 11. Qd2 Bd7 12. Nh2 Bc6 13. f4 exf4 14.
Bxf4 d5 15. e5 Nd7 16. Qf2 Bf8 17. Rae1 Re6 18. Bg3 Qe8 19. Nf3 f6 20. exf6 Nxf6 21. Ne2 Nh5 22. Bh2 d4 23. Ng5 Rf6 24. Nf4 Nxf4 25.
Bxf4 Qg6 26. Qg3 Re8 27. Rxe8 Qxe8 28. Re1 Qg6 29. Ne4 Re6 30. Ng5 Rxe1+ 31. Qxe1 h6 32.
Qe6+ Qxe6 33. Nxe6 Be7 34. Bb8 Kf7 35. Nf4 a6 36. Ne2 Ke6 37. b4 g5 38. Ba7 Kd5 39.
Kf2 Bd7 40. bxc5 Bxc5 41. Bxc5 Kxc5 42. Ng3 Kb4 43. Ne2 Kc5 44. g4 Ba4 45. b3 Bc6 46. Kg3 a5 47. h4 b5 48. hxg5 hxg5 49. Kf2 a4 50. bxa4 bxa4 51. Ke1 Bf3 52. Nc1 Bxg4 53.
Kd2 Kb4 54. c4 dxc3+ 55. Kc2 Be6 56. d4 Bf5+ 57. Kd1 Kc4 58. d5 Bg4+ 59. Kc2 Bf5+ 60.
Kd1 Kxd5 61. Na2 Kc4 62. Nc1 Bg4+ 63. Kc2 Bf5+ 64. Kd1 a3 65. Na2 Kb3 66. Nc1+ Kb2 0-1

[Event "GrandPrix_30.05"]
[Site "Chess.com"]
[Date "2020.05.30"]
[Round "7"]
[White "Meizon19"]
[Black "woodhy"]
[Result "1-0"]
[WhiteElo "2312"]
[BlackElo "2169"]
[TimeControl "600+2"]
[EndTime "11:30:08 PDT"]
[Termination "Meizon19 won by checkmate"]

1. e4 e6 2. d4 d5 3. Nc3 Bb4 4.
e5 c5 5. a3 Bxc3+ 6. bxc3 Ne7 7. Qg4 Qc7 8. Bd2 Nbc6 9. Nf3 Nf5 10. Bd3 Nce7 11. O-O c4 12. Be2 Bd7 13. Qh3 Nc6 14. g4 Nfe7 15. Ng5 h6 16. f4 Rg8 17. Nf3 O-O-O 18.
Kh1 Rh8 19. Qg3 f5 20. gxf5 Nxf5 21. Qh3 g5 22. Rg1 gxf4 23. Bxf4 Rdf8 24. Bd2 Rfg8 25.
Nh4 Nce7 26. Bg4 Nxh4 27. Qxh4 Qd8 28. Raf1 h5 29. Bh3 Rxg1+ 30. Rxg1 Rg8 31. Rxg8 Nxg8 32.
Qxh5 Qf8 33. Kg2 Qg7+ 34. Qg5 Qh7 35. Bg4 Kc7 36. h4 Qxc2 37. h5 Be8 38. Kg3 Qd3+ 39. Bf3 Kd7 40. Qg7+ Kc6 41. Qxg8 Bxh5 42. Qxe6+ Kb5 43.
Qxd5+ Ka4 44. Qe4 Qxd2 45. Bxh5 Qxc3+ 46. Bf3 Qxa3 47. Qxb7 a5 48. Kg4 Qc1 49. Qc6+ Ka3 50. Qc5+ Kb2 51. Qb5+ Kc3 52. d5 Qg1+ 53. Kf4 Qd4+ 54.
Kf5 Qe3 55. Qxa5+ Kd3 56. Bh5 Qf2+ 57. Ke6 Qh4 58. Bg6+ Kd4 59. Qb6+ Kc3 60. Qe3+ Kb4 61. d6 Qg4+ 62. Kf6 Qh4+ 63. Kf7 Qg4 64. e6 c3 65.
Qe4+ Kb3 66. Qxg4 Kb2 67. Qe2+ Ka1 68. d7 c2 69. Bxc2 Kb2 70. d8=Q Kc1 71. Qdd2+ Kb2 72. Bg6+ Ka3 73. Qa6+ Kb3 74. Qaa2# 1-0

[Event "GrandPrix_30.05"]
[Site "Chess.com"]
[Date "2020.05.30"]
[Round "7"]
[White "kirillshevchenko"]
[Black "mishikomchedlishvili"]
[Result "1/2-1/2"]
[WhiteElo "2656"]
[BlackElo "2575"]
[TimeControl "600+2"]
[EndTime "11:30:18 PDT"]
[Termination "Game drawn by repetition"]

1. e4 c5 2. Nf3 e6 3. d4 cxd4 4. Nxd4 Nf6 5. Nc3 d6 6. Be3 Be7 7. Be2 O-O 8. Qd2 a6 9. O-O-O Nfd7 10. f4 b5 11. Bf3 Nb6 12. b3 Bb7 13. Qf2 N8d7 14. e5 d5 15. f5 Qc8 16. Nde2 b4 17.
Nb1 Qc7 18. Bd4 Rac8 19. Ng3 Bc5 20. Bxc5 Qxc5 21. Qxc5 Nxc5 22. Kb2 Rc7 23. c3 a5 24. Rd4 Nbd7 25. Re1 Ba6 26. Re3 Rb8 27. Be2 Bxe2 28.
Nxe2 Ne4 29. cxb4 axb4 30. Nd2 Ndc5 31. Nf4 Rbc8 32. Nb1 Nd7 33. Re2 Ndc5 34. Re3 g5 35. Nh5 Kf8 36. fxe6 fxe6 37. Rxb4 Nd7 38. Rf3+ Ke7 39.
Na3 Nxe5 40. Re3 Nc6 41. Rb6 Nd4 42. Ng3 Nxg3 43. hxg3 Rc1 44. Nb5 R8c2+ 45. Ka3 Nxb5+ 46. Rxb5 Kd6 47. Kb4 Rxa2 48. Rb6+ Rc6 49. Rxc6+ Kxc6 50. Rxe6+ Kd7 51. Re5 Kd6 52. Rxg5 Rxg2 53. Kc3 h6 54.
Rg6+ Ke5 55. Kd3 Rb2 56. Rb6 h5 57. Rb8 Rg2 58. Re8+ Kd6 59. Rd8+ Kc5 60. Rc8+ Kd6 61. Rd8+ Ke6 62. Re8+ Kf5 63. Rf8+ Ke5 64. Re8+ Kd6 65. Rd8+ 1/2-1/2

[Event "GrandPrix_30.05"]
[Site "Chess.com"]
[Date "2020.05.30"]
[Round "7"]
[White "TheEternalPatzer"]
[Black "hypert"]
[Result "1/2-1/2"]
[WhiteElo "2053"]
[BlackElo "2146"]
[TimeControl "600+2"]
[EndTime "11:30:25 PDT"]
[Termination "Game drawn - insufficient material"]

1. c4 e5 2. Nc3 Nf6 3. Nf3 Nc6 4. e3 d5 5. cxd5 Nxd5 6. Bb5 Nxc3 7. bxc3 Bd6 8. d4 e4 9. Nd2 Qg5 10. Bf1 Qg6 11. g3 O-O 12. Bg2 f5 13. O-O Na5 14. c4 b6 15. Qc2 c5 16. dxc5 Bxc5 17. Nb3 Nxb3 18. axb3 a5 19. Bb2 Be6 20. Rfd1 Qf7 21. Rd2 Rfc8 22. g4 b5 23. gxf5 Bxf5 24. Rd5 bxc4 25.
bxc4 Bb4 26. Rxf5 Qxf5 27. Bxe4 Qg4+ 28. Kh1 Ra7 29. Rg1 Qh5 30. Qd3 Bf8 31. f4 a4 32.
f5 a3 33. Bd4 Rd7 34. Bd5+ Kh8 35. f6 Rcc7 36. Qe4 a2 37. Qe6 Rxd5 38. Qxd5 Qxd5+ 39. cxd5 Rb7 40. d6 Bxd6 41. fxg7+ Kg8 42. Ra1 Rb1+ 43. Kg2 Rxa1 44. Bxa1 Kf7 45. h3 Be7 46. Kf3 Bg5 47. e4 Bh6 48. e5 Bxg7 49. Ke4 Ke6 50.
Bb2 Bf8 51. Kd3 Kd5 52. Kc2 Bg7 53. Kb3 Bxe5 54. Kxa2 h5 55. Bc1 Ke4 56. Kb3 Kf3 57.
Kc4 Kg3 58. Kd5 Bf6 59. Ke4 Kxh3 60. Kf3 h4 61. Bf4 Bd8 62. Be5 Be7 63. Bf4 Bd8 64. Be5 Ba5 65. Bf6 Be1 66. Bxh4 1/2-1/2

[Event "GrandPrix_30.05"]
[Site "Chess.com"]
[Date "2020.05.30"]
[Round "7"]
[White "levvard"]
[Black "Sunerorlater"]
[Result "1-0"]
[WhiteElo "2078"]
[BlackElo "2250"]
[TimeControl "600+2"]
[EndTime "11:30:26 PDT"]
[Termination "levvard won on time"]

1. e4 e5 2. d4 exd4 3. c3 d5 4. Qxd4 dxe4 5. Qxe4+ Qe7 6. Qe2 Nf6 7. Bg5 Qxe2+ 8.
Bxe2 Be7 9. Nf3 O-O 10. Nbd2 h6 11. Bh4 Bf5 12. Nd4 Bd7 13. Bf3 c6 14. Bg3 Re8 15.
O-O Bg4 16. Rae1 Nbd7 17. Bxg4 Nxg4 18. N4f3 Ngf6 19. h3 Rad8 20. Re2 Bf8 21. Rfe1 Rxe2 22. Rxe2 Nc5 23. Bc7 Re8 24. Rxe8 Nxe8 25. Be5 Nd3 26.
c4 f6 27. Bd4 c5 28. Bc3 Nc1 29. a4 Ne2+ 30. Kf1 Nxc3 31. bxc3 b6 32. Ke2 Kf7 33. Nf1 Nd6 34. Kd3 Ke6 35. Ne3 f5 36. Nd5 Ne4 37. Ke2 Be7 38. Nd2 Nd6 39. Kd3 Bd8 40. g3 g5 41. g4 Nf7 42. Nf3 fxg4 43. hxg4 Bf6 44. Kc2 Nd6 45. Kd3 Bg7 46. Nd2 Nf7 47. Nf3 Nd8 48.
Ke3 Nc6 49. Ke4 Na5 50. Nd2 Be5 51. Kd3 Bd6 52. Nf3 Be5 53. Ne3 Bg7 54. Nf5 Bf8 55. Ne3 Nc6 56. Ke4 Bg7 57. Nd5 Na5 58. Kd3 Nb7 59.
Ne1 Nd6 60. Nc2 Ke5 61. Nce3 Ne4 62. f3 Nd6 63. Ne7 Kf4 64. Ke2 Bf6 65. Nc6 Kg3 66. Nxa7 Bxc3 67. Nb5 Nxb5 68. cxb5 Bf6 69. Nf5+ Kf4 70.
Nxh6 c4 71. Nf7 Be7 72. a5 bxa5 73. b6 Bc5 74. b7 Ba7 75. Nd8 Bb8 76. Nc6 Bc7 77.
Nxa5 c3 78. Nb3 c2 79. Nc1 Bb8 80. Nd3+ Kg3 81. Ke3 Ba7+ 82. Ke4 Bb8 83. Kf5 Kxf3 84. Ne1+ 1-0

[Event "GrandPrix_30.05"]
[Site "Chess.com"]
[Date "2020.05.30"]
[Round "7"]
[White "PotapovaM"]
[Black "OK97"]
[Result "0-1"]
[WhiteElo "2194"]
[BlackElo "2340"]
[TimeControl "600+2"]
[EndTime "11:30:43 PDT"]
[Termination "OK97 won by resignation"]

1. d4 Nf6 2. c4 e6 3. Nf3 Bb4+ 4.
Nbd2 O-O 5. a3 Be7 6. e4 d6 7. Bd3 e5 8. O-O exd4 9. Nxd4 Nfd7 10. Nb1 Bf6 11. Nf3 Re8 12. Re1 Nc5 13. h3 Nc6 14.
Qc2 Ne5 15. Nxe5 dxe5 16. Bf1 Ne6 17. Nc3 c6 18. Be3 Bg5 19. Rad1 Qe7 20. b4 Bxe3 21. fxe3 b6 22. Qd2 Rd8 23. Qe2 Bb7 24. Rxd8+ Rxd8 25. Rd1 g6 26. Rxd8+ Qxd8 27. Qd3 Qe7 28.
Na4 Kg7 29. Be2 Qh4 30. Kf1 Ng5 31. Nc3 Qg3 32. c5 bxc5 33. bxc5 Bc8 34. Bd1 Be6 35. Ne2 Qh4 36. Nc3 Qg3 37. Ne2 Qh2 38. Ng1 h5 39.
a4 Qg3 40. Ne2 Qh4 41. Nc3 a5 42. Ke2 Qg3 43. Kf1 Kh7 44. Bc2 Qh2 45. Bd1 Bxh3 46. gxh3 Nxh3 47. Qc2 Qg1+ 48. Ke2 h4 49. Kd3 Nf2+ 50.
Kc4 h3 51. Bf3 h2 52. Qe2 g5 53. Bg4 Nxg4 54. Qf3 Kg7 55. Qf5 Nxe3+ 56. Kb3 Nxf5 57. exf5 h1=Q 58. f6+ Kxf6 59. Kc4 Qd4+ 60. Kb3 Qxc3+ 61. Kxc3 Qf3+ 62. Kc4 Qd5+ 63. Kc3 g4 64. Kc2 g3 65. Kc3 g2 0-1

[Event "GrandPrix_30.05"]
[Site "Chess.com"]
[Date "2020.05.30"]
[Round "7"]
[White "wnstop"]
[Black "Misterlose0"]
[Result "1/2-1/2"]
[WhiteElo "2230"]
[BlackElo "2046"]
[TimeControl "600+2"]
[EndTime "11:30:49 PDT"]
[Termination "Game drawn by repetition"]

1. e4 Nc6 2. d4 d5 3. Nc3 dxe4 4.
d5 Nb8 5. Nxe4 c6 6. Bc4 cxd5 7. Qxd5 Qxd5 8. Bxd5 e6 9. Bb3 Bd7 10. Bf4 Bc6 11.
f3 Nd7 12. O-O-O Bxe4 13. fxe4 Nc5 14. Bc4 a6 15. e5 Ne7 16. Nf3 b5 17. Be2 Nd5 18.
Bd2 Ne4 19. Be1 Bc5 20. Bd3 Be3+ 21. Kb1 Nc5 22. Bf1 O-O 23. g3 Rfd8 24. Bg2 Nf4 25. Rxd8+ Rxd8 26. Ba5 Nxg2 27. Bxd8 Ne4 28. Ne1 Nd2+ 29.
Ka1 Nxe1 30. Rxe1 Nc4 31. Bc7 b4 32. Rd1 h5 33. Rd8+ Kh7 34. b3 Na3 35. Kb2 Nb5 36. Ba5 Bd4+ 37. Kc1 Be3+ 38. Kd1 Nc3+ 39. Ke1 Nd5 40. Rd6 Bd4 41. Rxa6 Bxe5 42. Ra7 Kg6 43. Rd7 h4 44. Kf2 f5 45. Rxd5 exd5 46. Bxb4 Bd4+ 47.
Kf3 h3 48. Bd2 Bg1 49. Be3 Bxe3 50. Kxe3 Kf6 51. Kd4 Ke6 52. a4 Kd6 53. a5 g5 54.
a6 Kc6 55. a7 Kb7 56. Ke5 f4 57. gxf4 g4 58. f5 g3 59. f6 gxh2 60. f7 h1=Q 61.
a8=Q+ Kxa8 62. f8=Q+ Kb7 63. Qb4+ Kc8 64. Qf8+ Kc7 65.
Qd6+ Kb7 66. Qb4+ Ka7 67. Qa5+ Kb7 68. Qb5+ Ka7 69. Qa5+ Kb7 70. Qb5+ Ka7 71. Qa5+ 1/2-1/2

[Event "GrandPrix_30.05"]
[Site "Chess.com"]
[Date "2020.05.30"]
[Round "7"]
[White "bsnsun"]
[Black "Kildepiotr"]
[Result "0-1"]
[WhiteElo "1888"]
[BlackElo "2049"]
[TimeControl "600+2"]
[EndTime "11:30:52 PDT"]
[Termination "Kildepiotr won by resignation"]

1. d4 c5 2. d5 e5 3. c4 d6 4. Nc3 Be7 5. e4 Bg5 6. g3 Bxc1 7. Rxc1 Ne7 8. Bg2 O-O 9. Nf3 Nd7 10. O-O h6 11. a3 f5 12. exf5 Nxf5 13. Ne4 Nf6 14. Nxf6+ Qxf6 15. b4 b6 16. Nd2 Nd4 17. Ne4 Qg6 18.
bxc5 bxc5 19. h3 Bxh3 20. Bxh3 Qxe4 21. Bg2 Qg6 22. Rb1 Rab8 23. Rxb8 Rxb8 24. Qd2 Rb3 25. Ra1 Qc2 26. Qa5 Ne2+ 27. Kh2 Qg6 28. Qd8+ Kh7 29.
Qh4 Nc3 30. Re1 Qf6 31. Qg4 Rb2 32. f4 exf4 33. gxf4 Rf2 34. Kg3 Rd2 35. Re6 Qf7 36. Bf3 Rd4 37. Rxd6 Rxc4 38. Rd7 Qf6 39. Rxa7 Nb5 40.
Ra8 Nd6 41. a4 Nf5+ 42. Kh3 Rc3 43. Kh2 Re3 44. a5 Nd4 45. Bg2 Nf5 46. a6 Rg3 47.
Qxg3 Nxg3 48. Kxg3 Qg6+ 49. Kh2 Qh5+ 50. Kg1 Qd1+ 51.
Kh2 Qd4 52. a7 Qxf4+ 53. Kg1 Qe3+ 54. Kh2 Qf4+ 55. Kg1 Qa4 56. d6 Qd4+ 57. Kh1 Qd1+ 58. Kh2 Qxd6+ 59. Kh1 Qd1+ 60. Kh2 Qa4 61. Kh1 h5 62. Rh8+ Kxh8 63. a8=Q+ Qxa8 64. Bxa8 g5 65. Kg2 Kg7 66. Kf2 Kf6 67. Ke3 Ke5 68. Bc6 g4 69. Bd7 c4 70. Bc8 c3 71. Kd3 Kf4 72. Kxc3 Kf3 73.
Kd3 h4 74. Bb7+ Kf2 75. Ke4 g3 76. Kf4 h3 77. Kg4 g2 0-1

[Event "GrandPrix_30.05"]
[Site "Chess.com"]
[Date "2020.05.30"]
[Round "7"]
[White "szachuspl"]
[Black "LorisinoC"]
[Result "0-1"]
[WhiteElo "2338"]
[BlackElo "2241"]
[TimeControl "600+2"]
[EndTime "11:30:57 PDT"]
[Termination "LorisinoC won by resignation"]

1. d4 d5 2. c4 e6 3. Nf3 Nf6 4. Nc3 c6 5. Bg5 Nbd7 6. e3 Qa5 7.
Nd2 Bb4 8. Qc2 O-O 9. Be2 e5 10. dxe5 Ne4 11. Ndxe4 dxe4 12. O-O Bxc3 13. Qxc3 Qxc3 14.
bxc3 Nxe5 15. Bf4 Nd3 16. Bd6 Re8 17. Rab1 b6 18. f3 c5 19. fxe4 Ne5 20. a4 Ng4 21.
Bf3 Nxe3 22. e5 Nxf1 23. Bxa8 Nd2 24. Ra1 Nxc4 25. a5 Nxa5 26. Ra3 Be6 27. Bf3 Rd8 28.
h3 h6 29. Kf2 Nc4 30. Rxa7 Nxd6 31. exd6 Rxd6 32. Ke3 b5 33. Rb7 Bc4 34. Rc7 Rd3+ 35.
Kf4 g5+ 36. Kf5 Rxc3 37. Kf6 Be6 38. Rb7 Rc4 39. Rxb5 Kh7 40. g3 Rb4 41. Rxc5 Rb2 42. Be4+ Kg8 43. h4 Rf2+ 44. Ke5 gxh4 45. gxh4 Rh2 46. Rc2 Rxh4 47. Rg2+ Kf8 48. Rb2 Ke7 49. Rb7+ Kd8 50. Rb8+ Kc7 51. Rh8 h5 52. Bf5 Bxf5 53.
Kxf5 Rh1 54. Rh7 Kd6 55. Kg5 Ke7 56. Rh8 h4 57. Kg4 h3 58. Kg3 Kf6 59. Ra8 Kg5 60.
Rg8+ Kf5 61. Ra8 f6 62. Ra5+ Kg6 63. Ra6 Kg5 64. Ra5+ f5 65. Rb5 Rg1+ 66. Kxh3 Kf4 67.
Kh2 Rg5 68. Rb3 Ke4 69. Rb4+ Kd3 70. Rb3+ Kc2 71. Re3 Kd2 72. Re5 Kd3 73. Kh3 Kd4 74.
Re1 f4 75. Kh2 f3 76. Re8 f2 77. Rf8 Ke3 78. Re8+ Kd2 79. Rd8+ Ke1 80. Re8+ Kf1 81. Rf8 Rg2+ 82. Kh3 Rg1 83. Re8 Rh1+ 84. Kg3 Kg1 85.
Ra8 f1=Q 0-1

[Event "GrandPrix_30.05"]
[Site "Chess.com"]
[Date "2020.05.30"]
[Round "7"]
[White "DaggiGretarsson"]
[Black "v-kazakouski"]
[Result "0-1"]
[WhiteElo "2189"]
[BlackElo "2394"]
[TimeControl "600+2"]
[EndTime "11:31:06 PDT"]
[Termination "v-kazakouski won by resignation"]

1. d4 Nf6 2. c4 e6 3. Nf3 d5 4.
Nc3 Bb4 5. Qa4+ Nc6 6. cxd5 exd5 7. Bg5 h6 8. Bxf6 Qxf6 9. e3 O-O 10. Be2 Rd8 11.
O-O a6 12. Qb3 Be6 13. Ne5 Bd6 14. Nxc6 bxc6 15. Na4 c5 16. dxc5 d4 17. Qc2 Bf5 18. e4 Bxh2+ 19. Kxh2 Qh4+ 20. Kg1 Bxe4 21. Qd2 Bc6 22. b3 d3 23. Bd1 Rd4 24. f4 Re8 25. Nc3 g5 26. Qf2 Qxf2+ 27. Rxf2 Re1+ 28. Rf1 d2 29. Bc2 Re3 30. Nd1 Rg3 31. Rf2 gxf4 32. Kh2 Rg5 33.
Nb2 f3 34. g3 Rxc5 35. Nc4 Be4 36. Bd1 Rcd5 37. a4 Rh5+ 38. Kg1 Rg5 39. Rxd2 Rxg3+ 40. Kh2 Rxd2+ 41. Kxg3 Rg2+ 42. Kf4 f2 43. Be2 Rg1 44. Rf1 Bc2 45. Nd2 Rg6 46. Rxf2 Rd6 47. Bc4 Kg7 48.
Ke3 Bg6 49. Ne4 Rc6 50. Kd4 a5 51. Nc3 Rd6+ 52. Kc5 h5 53. Bd5 h4 54. Nb5 Rf6 55. Rxf6 Kxf6 56. Nxc7 Ke5 57. Nb5 Be4 58. Bxe4 Kxe4 59.
Nc3+ Kf3 60. Ne4 f5 61. Ng5+ Kg4 62. b4 Kxg5 63. b5 h3 64. b6 h2 65. b7 h1=Q 66. b8=Q Qc1+ 67. Kd5 Qd1+ 68. Ke6 Qxa4 69. Qg8+ Kf4 70.
Qb8+ Kg4 71. Qg8+ Kf3 72. Kxf5 Qf4+ 0-1

[Event "GrandPrix_30.05"]
[Site "Chess.com"]
[Date "2020.05.30"]
[Round "7"]
[White "Vuk2000"]
[Black "2346PL"]
[Result "1/2-1/2"]
[WhiteElo "2205"]
[BlackElo "2098"]
[TimeControl "600+2"]
[EndTime "11:31:11 PDT"]
[Termination "Game drawn by repetition"]

1. d4 f5 2. Nf3 Nf6 3. c4 g6 4.
g3 Bg7 5. Bg2 O-O 6. b4 d6 7.
Bb2 e5 8. dxe5 Ng4 9. h3 Nxe5 10. Qd5+ Nf7 11. Bxg7 Kxg7 12. Nc3 Qf6 13. Rc1 Nc6 14.
b5 Nce5 15. Nxe5 Nxe5 16. c5 Rd8 17. cxd6 Rxd6 18. Qc5 c6 19. bxc6 Nxc6 20. Nb5 Rd7 21. O-O a6 22. Bxc6 Qxc6 23. Nc7 Qxc5 24. Rxc5 b6 25.
Rc6 Bb7 26. Ne6+ Kg8 27. Rxb6 Bd5 28. Nc5 Re7 29. Rb2 a5 30. Rd1 Bc4 31. e3 Rc7 32. Na4 Be6 33. Rd6 Kf7 34. Kg2 Ke7 35. Rd4 Ra6 36. g4 Rac6 37. Nb6 Kf6 38. Rb5 Rb7 39. Nd5+ Bxd5+ 40. Rdxd5 Rxb5 41. Rxb5 a4 42. Rb4 a3 43. Rb3 Ra6 44. f4 h5 45. gxh5 gxh5 46.
Kg3 Kg6 47. Kf3 h4 48. Rb8 Rc6 49. Rb3 Rc2 50. Rxa3 Rh2 51. Ra6+ Kg7 52. a4 Rxh3+ 53. Kf2 Rh2+ 54. Kf3 Rh3+ 55. Kf2 Rh2+ 56. Kg1 Re2 57. Re6 Ra2 58. Re5 Kf6 59. a5 h3 60. Kh1 Kg6 61.
Rd5 Kh5 62. Rxf5+ Kg4 63. Rg5+ Kf3 64. a6 Kxe3 65. f5 Kf4 66. Rg6 Kxf5 67. Rh6 Kg4 68. Rh8 Rxa6 69. Rg8+ Kf3 70. Rf8+ Kg4 71. Rg8+ Kh4 72. Rh8+ Kg3 73. Rg8+ Kf3 74. Rf8+ Kg3 75. Rg8+ Kf3 1/2-1/2

[Event "GrandPrix_30.05"]
[Site "Chess.com"]
[Date "2020.05.30"]
[Round "7"]
[White "DenisQ"]
[Black "Azatic"]
[Result "1-0"]
[WhiteElo "2253"]
[BlackElo "2287"]
[TimeControl "600+2"]
[EndTime "11:31:14 PDT"]
[Termination "DenisQ won by checkmate"]

1. Nf3 c5 2. c4 Nf6 3. Nc3 g6 4. g3 Bg7 5. Bg2 O-O 6. O-O d5 7. d4 cxd4 8. Nxd5 Nxd5 9. cxd5 Qxd5 10. Be3 Bf5 11. Nxd4 Be4 12. f3 Bf5 13. Nxf5 Qxf5 14.
Qb3 Nc6 15. Rad1 Rad8 16. Qxb7 Qe6 17. Qb3 Qxb3 18. axb3 Bxb2 19. f4 Bd4 20. Kf2 Bxe3+ 21. Kxe3 Na5 22. Rxd8 Rxd8 23. Rb1 e6 24. Be4 h5 25.
Bd3 Nc6 26. b4 Ne7 27. b5 Rd7 28. Rc1 Kg7 29. Rc5 Nd5+ 30. Kf3 Nb4 31. Be4 Kf6 32.
Rc4 Nd5 33. h3 g5 34. Rc5 gxf4 35. gxf4 Ne7 36. Rxh5 Rd1 37. Rc5 Rd4 38. Rc7 Rb4 39. Rb7 Rb3+ 40. e3 Nc8 41. Bc6 Nd6 42. Rxa7 Nf5 43.
Ke2 Rxe3+ 44. Kd2 Rxh3 45. b6 Nd4 46. Ba4 Rh1 47. Kc3 Rb1 48. Kxd4 Rxb6 49. Bc2 Rb4+ 50. Ke3 Rb2 51. Be4 Rb3+ 52. Kd4 Rb4+ 53. Ke3 Rb3+ 54. Bd3 Rb4 55. Rd7 Rb6 56. Rc7 e5 57. f5 Rd6 58.
Be4 Rb6 59. Kf3 Rb3+ 60. Kg4 Rb4 61. Rc6+ Kg7 62. f6+ Kh6 63. Kf5 Rb2 64. Rc8 Rf2+ 65. Kxe5 Kg5 66. Rg8+ Kh6 67. Rg7 Ra2 68. Rxf7 Ra5+ 69.
Bd5 Kg6 70. Rg7+ Kh6 71. Rg1 Ra7 72. f7 Kh7 73. Kf6 Ra6+ 74. Be6 Ra3 75. Rh1+ Rh3 76.
Rxh3# 1-0

[Event "GrandPrix_30.05"]
[Site "Chess.com"]
[Date "2020.05.30"]
[Round "7"]
[White "rasmussvane"]
[Black "Haykos"]
[Result "1-0"]
[WhiteElo "2484"]
[BlackElo "2272"]
[TimeControl "600+2"]
[EndTime "11:31:23 PDT"]
[Termination "rasmussvane won on time"]

1. Nf3 Nf6 2. g3 d5 3. Bg2 c6 4. O-O Bg4 5. h3 Bh5 6. d4 Nbd7 7. c4 e6 8. cxd5 cxd5 9. Qb3 Qb6 10. Nc3 Bd6 11. e4 Qxb3 12. axb3 Nxe4 13. Nxe4 dxe4 14. Ng5 Nf6 15. Nxe4 Nxe4 16. Bxe4 Rb8 17. Rxa7 Be2 18. Re1 Ba6 19. Bd2 O-O 20. Rc1 Rfd8 21. b4 h6 22. b5 Bxb5 23. Rxb7 Rxb7 24. Bxb7 Be7 25. Rc8 Rxc8 26. Bxc8 Kf8 27. Bc3 h5 28. Bb7 h4 29.
d5 exd5 30. Bxd5 f5 31. Kg2 Be2 32. b3 g5 33. gxh4 gxh4 34. Bc4 Bd1 35. b4 Ke8 36. Bd3 f4 37. Be4 Kd7 38. b5 Be2 39. Bc6+ Kc7 40. Be5+ Bd6 41. Bf6 f3+ 42. Bxf3 Bxb5 43. Bxh4 Kd7 44.
Bg4+ Ke8 45. Bg5 Kf7 46. h4 Bc6+ 47. Kh3 Kg6 48. f4 Bb5 49. h5+ Kg7 50. Bf5 Bf8 51. Be4 Bc4 52. Kg4 Be2+ 53. Kh4 Bc4 54. Bf3 Kf7 55. Kg3 Bc5 56. f5 Bd6+ 57. Kg4 Be5 58. h6 Bb3 59. Be3 Bc4 60. Kg5 Bf6+ 61. Kf4 Bb3 62.
Bh5+ Kg8 63. Bg6 Bf7 64. Kg4 Bd5 65. Bg5 Bxg5 66. Kxg5 Be4 67. f6 Bd5 68. Kf4 Bc4 69.
Ke5 Kh8 70. Kd6 Bb3 71. Ke7 Bc4 72. Bf7 Be2 73. Be6 Bh5 74. Bf5 Kg8 75. Be4 Kh8 76.
Bf3 Bg6 77. Bg4 Kh7 78. Bf5 1-0

[Event "GrandPrix_30.05"]
[Site "Chess.com"]
[Date "2020.05.30"]
[Round "7"]
[White "Lion_DL"]
[Black "sahidi"]
[Result "1-0"]
[WhiteElo "2171"]
[BlackElo "2172"]
[TimeControl "600+2"]
[EndTime "11:33:15 PDT"]
[Termination "Lion_DL won by resignation"]

1. e4 e5 2. f4 d5 3. exd5 exf4 4. Nf3 Nf6 5. Bc4 Nxd5 6. O-O Be7 7.
Bxd5 Qxd5 8. Nc3 Qd6 9. d4 O-O 10. Nb5 Qb6 11. Qd3 c6 12. Nc3 Qc7 13. Ne5 Nd7 14.
Bxf4 Nxe5 15. Bxe5 Bd6 16. Rae1 Be6 17. Bxd6 Qxd6 18.
Ne4 Qd5 19. b3 Rad8 20. c3 c5 21. Qg3 Kh8 22. Nxc5 b6 23. Nxe6 fxe6 24. Rxf8+ Rxf8 25. Qe5 Qc6 26. c4 Qd7 27. d5 exd5 28. cxd5 h6 29. Qe7 Qf5 30. h3 Kh7 31. Qe4 Qxe4 32. Rxe4 Rd8 33.
Rd4 Kg6 34. Kf2 Kf5 35. Ke3 Ke5 36. Re4+ Kd6 37. Kd4 Rf8 38. Re6+ Kd7 39. Rg6 Rf7 40. a4 Re7 41. b4 Rf7 42. g3 Re7 43. a5 bxa5 44.
bxa5 Rf7 45. Ra6 Kc8 46. Ke5 Kb7 47. Rg6 Re7+ 48. Re6 Rd7 49. a6+ Kc7 50. Rc6+ Kd8 51. d6 Rf7 52. Rc3 Rf1 53. Ke6 Re1+ 54. Kf7 g5 55.
Rc7 Rd1 56. Ke6 Re1+ 57. Kd5 Rd1+ 58. Kc6 Rc1+ 59. Kb7 Rd1 60. Kxa7 Rxd6 61. Rc3 Rd1 62. g4 Kd7 63. Kb6 Rb1+ 64. Kc5 Kc7 65. Ra3 Kb8 66. a7+ Ka8 67. Ra6 Rd1 68. Rxh6 Kxa7 69. Rh5 Rd3 70. Kc4 Ra3 71. Kd4 Ra5 72. Ke4 Kb7 73. h4 Ra4+ 74. Kf5 gxh4 75. Rxh4 Kc7 76. Rh2 Kd7 77. Re2 Ra5+ 78.
Kg6 Ra6+ 79. Kh5 Ra1 80. g5 Rh1+ 81. Kg6 Rg1 82. Kf6 Rf1+ 83. Kg7 Rg1 84. g6 Rh1 85. Kg8 Rg1 86. g7 Rh1 87. Re4 Rg1 88. Kf7 Rf1+ 89. Kg6 Rg1+ 90. Kf6 Kd6 91. Re8 Rf1+ 92. Kg6 Rg1+ 93.
Kf6 Rf1+ 94. Kg6 Rg1+ 95. Kh7 Rh1+ 96. Kg8 Kd7 97. Re3 Rg1 98. Re4 Rh1 99. Kf7 Rf1+ 100. Kg6 Rg1+ 101. Kf6 Kd6 102. Rd4+ Kc7 103. Rf4 Kd7 104. Kf7 Rxg7+ 105. Kxg7 Ke6 106. Kg6 Ke5 107. Kg5 1-0

[Event "GrandPrix_30.05"]
[Site "Chess.com"]
[Date "2020.05.30"]
[Round "7"]
[White "Valeriy_Neverov"]
[Black "Tokarev_Sergey"]
[Result "1/2-1/2"]
[WhiteElo "2080"]
[BlackElo "1996"]
[TimeControl "600+2"]
[EndTime "11:33:37 PDT"]
[Termination "Game drawn by repetition"]

1. d4 e6 2. c4 d5 3. Nc3 Nf6 4.
cxd5 exd5 5. Bg5 Be7 6. e3 h6 7.
Bh4 c6 8. Bd3 O-O 9. Nge2 Bg4 10. f3 Be6 11. O-O b6 12. Bf2 c5 13. Nf4 cxd4 14. exd4 Bd6 15. Qd2 Qc8 16. Rac1 Nc6 17. Rfe1 Qb8 18. Nxe6 Bxh2+ 19. Kf1 fxe6 20. Rxe6 Nd8 21.
Rxf6 Rxf6 22. Nxd5 Rf7 23. Qe2 Nb7 24. Qe4 Rd7 25.
Qe6+ Rf7 26. Ne7+ Kf8 27. Rc8+ Qxc8 28. Nxc8 Nd8 29. Qh3 Bf4 30. Bc4 Rc7 31. Qf5+ Nf7 32. Qxf4 Rxc4 33. Nd6 Rc7 34. d5 Rd8 35. Nf5 Rb7 36. d6 Rbd7 37. Bd4 g5 38. Qe4 Nxd6 39. Qe6 Nxf5 40. Qxf5+ Rf7 41. Qe5 g4 42. Kf2 gxf3 43.
gxf3 Rfd7 44. Bc3 Rf7 45. Qh8+ Ke7 46. Qxh6 Rd5 47. Qe3+ Kd6 48. f4 Kd7 49. Qe4 Rff5 50.
Be5 Rdxe5 51. Qb7+ Kd6 52. Qxa7 Rxf4+ 53. Kg3 Rb4 54.
Qb8+ Kd5 55. Qd8+ Kc5 56. Qc7+ Kd5 57. Qd7+ Kc5 58. Qc7+ Kd5 59. Qd7+ Kc4 60. b3+ Kc3 61.
Qg7 Re4 62. Qc7+ Kb2 63. Qxb6 Kxa2 64. Qf2+ Re2 65. Qb6 Re8 66. b4 R2e6 67. Qa5+ Kb3 68. Qd5+ Kxb4 69. Qd4+ Kb5 70. Qd5+ Kb6 71. Qd4+ Kc7 72. Qc5+ Kd7 73. Qd5+ Rd6 74. Qf7+ Re7 75. Qf5+ Rde6 76. Qb5+ Kd8 77. Qb8+ Kd7 78. Qb5+ Kd6 79. Qb6+ Ke5 80. Qe3+ Kf6 81. Qh6+ Kf7 82. Qh7+ Ke8 83. Qh8+ Kd7 84. Qd4+ Rd6 85. Qa4+ Ke6 86. Qe4+ Kf7 87. Qf5+ Rf6 88. Qh5+ Kg7 89. Qd5 Ref7 90. Qd4 Kg8 91.
Qd8+ Kh7 92. Qd3+ Kg8 93. Qd8+ Rf8 94. Qd5+ Kh7 95. Qd3+ Kg7 96. Qd4 Rf7 97. Kg4 Kh6 98. Qd2+ Kh7 99. Qd3+ Kg8 100. Kg5 Rf8 101. Qd5+ R6f7 102. Qe6 Kh8 103. Kg6 Rg7+ 104. Kh6 Rh7+ 105. Kg6 Rg8+ 106. Kf5 Rh5+ 107. Kf4 Rh4+ 108. Kf3 Rh7 109. Qe5+ Rgg7 110. Qe8+ Rg8 111. Qe5+ Rgg7 112. Qe8+ Rg8 113. Qe5+ 1/2-1/2

[Event "GrandPrix_30.05"]
[Site "Chess.com"]
[Date "2020.05.30"]
[Round "8"]
[White "VerdeNotte"]
[Black "bratkoo"]
[Result "1-0"]
[WhiteElo "2551"]
[BlackElo "2209"]
[TimeControl "600+2"]
[EndTime "11:39:51 PDT"]
[Termination "VerdeNotte won by resignation"]

1. a3 e5 2. c4 Nf6 3. Nf3 e4 4. Nd4 Nc6 5. Nxc6 bxc6 6. d4 d5 7. Nc3 Bd6 8. Bg5 dxc4 9. Nxe4 Be7 10. Bxf6 Bxf6 11. e3 Be6 12. Rc1 Bd5 13. Qc2 O-O 14.
Bxc4 Bxe4 15. Qxe4 Re8 16. Qxc6 Qxd4 17. Qxa8 1-0

[Event "GrandPrix_30.05"]
[Site "Chess.com"]
[Date "2020.05.30"]
[Round "8"]
[White "Sam_ChessMood"]
[Black "Tesla37"]
[Result "1/2-1/2"]
[WhiteElo "2592"]
[BlackElo "2743"]
[TimeControl "600+2"]
[EndTime "11:40:42 PDT"]
[Termination "Game drawn by agreement"]

1. e4 Nf6 2. e5 Nd5 3. d4 d6 4. Nf3 dxe5 5. Nxe5 c6 6. Be2 Bf5 7. O-O Nd7 8. Nf3 e6 9. c4 N5f6 10. Bf4 Be7 11. Nc3 O-O 12. Qb3 Qb6 13. Rfd1 h6 14.
h3 Ne4 1/2-1/2

[Event "GrandPrix_30.05"]
[Site "Chess.com"]
[Date "2020.05.30"]
[Round "8"]
[White "mishikomchedlishvili"]
[Black "Nitzan_Steinberg"]
[Result "1-0"]
[WhiteElo "2598"]
[BlackElo "2410"]
[TimeControl "600+2"]
[EndTime "11:43:08 PDT"]
[Termination "mishikomchedlishvili won by resignation"]

1. d4 d5 2. Nf3 Nf6 3. g3 g6 4.
Bg2 Bg7 5. O-O Nbd7 6. Bf4 O-O 7. Qc1 c5 8. dxc5 Nxc5 9. Bh6 Bg4 10. Bxg7 Kxg7 11. Nc3 Bxf3 12. Bxf3 e6 13. Rd1 Qb6 14. a4 Rac8 15. a5 Qb4 16. e3 Rfd8 17. Rd4 1-0